AoeStats
← John Hawkwood

Arabia

507412190Analyzed
1v1 RM · 15d ago on Sep 18, 2026· 29m 0s· 2 players
Game mode
Random Map
Map size
Tiny (2 player)
Population
200
Speed
Normal
Resources
Standard
Victory
Conquest
Starting age
Dark Age
Ending age
Imperial Age
RankedLock teamsTeams togetherTeam positionsShared explorationLock speedFull tech treeHidden civsTurbo modeCheats
Victory
Defeat
🇲🇽 Inca · Mexico
977
+19
🇺🇸 Mongols · United States
1032
-19
thechris182
6:41 Loom
9:53 Feudal Age
11:04 Champi Runner
11:45 Double-Bit Axe
13:49 Horse Collar
21:04 Castle Age
19:16 Gold Mining
19:31 Fletching
19:43 Padded Archer Armor
21:08 Crossbowman
22:44 Wheelbarrow
21:55 Town Watch
22:29 Bodkin Arrow
25:08 Leather Archer Armor
26:49 Ballistics
John Hawkwood
9:32 Feudal Age
8:16 Loom
10:20 Double-Bit Axe
12:15 Bloodlines
14:40 Horse Collar
19:58 Castle Age
20:52 Forging
22:36 Heavy Plow
24:34 Wheelbarrow
25:15 Bow Saw
Connection lost

Rejoining the realm…

Still unreachable

The connection could not be restored.

Session expired

The server has moved on; the page needs a fresh start.